 Dungeon Crawl Stone Soup version 0.26.1-2-gb8aa6d0cf2 (webtiles) character file.

Game seed: 16543345030101056258

59 Gadfly the Skirmisher (level 4, 0/48 HPs)
             Began as an Ogre Monk on Feb 13, 2021.
             Succumbed to a worker ant's poison
             ... on level 3 of the Dungeon.
             The game lasted 00:02:55 (1634 turns).

Gadfly the Skirmisher (Ogre Monk)                   Turns: 1634, Time: 00:02:55

Health: 0/48       AC:  3    Str: 16    XL:     4   Next: 3%
Magic:  5/5        EV: 10    Int: 11    God:
Gold:   129        SH:  0    Dex: 11    Spells: 3/3 levels left

rFire    . . .     SeeInvis .   a - +0 mace
rCold    . . .     Faith    .   (no shield)
rNeg     . . .     Spirit   .   b - +0 robe
rPois    .         Reflect  .   (helmet restricted)
rElec    .         Harm     .   (no cloak)
rCorr    .         Rampage  .   (gloves unavailable)
Will     .....                  (boots unavailable)
Stlth    ++........             (no amulet)
HPRegen  0.16/turn              (no ring)
MPRegen  0.09/turn              (no ring)

@: lethally poisoned (0 -> -9)
A: large, unfitting armour, tough skin 1
a: no special abilities


You were on level 3 of the Dungeon.
You visited 1 branch of the dungeon, and saw 3 of its levels.

You collected 129 gold pieces.

Inventory:

Hand Weapons
 a - a +0 mace (weapon)
Missiles
 d - 6 stones (quivered)
Armour
 b - a +0 robe (worn)
Scrolls
 e - a scroll of fog {unknown}
Potions
 c - a potion of heal wounds


   Skills:
 - Level 4.0 Fighting
 + Level 2.9 Maces & Flails
 * Level 1.3 Throwing
 * Level 1.1 Armour
 - Level 2.6 Dodging
 - Level 1.4 Stealth
 * Level 1.5 Invocations
 * Level 1.2 Evocations


You had 3 spell levels left.
You didn't know any spells.
Your spell library was empty.

Dungeon Overview and Level Annotations

Branches:
Dungeon (3/15)

Altars:

Annotations:
D:2 Terence


Innate Abilities, Weirdness & Mutations

You are too large for most types of armour.
You have tough skin. (AC +1)


Message History

The worker ant is lightly wounded.
You feel sick. The worker ant bites you.
* * * LOW HITPOINT WARNING * * *
The worker ant closely misses you.
You hit the worker ant.
The worker ant is heavily wounded.
The worker ant barely misses you.
You barely miss the worker ant.
The worker ant is heavily wounded.
You feel sick. The worker ant bites you!
* * * LOW HITPOINT WARNING * * *
You are lethally poisoned!
The worker ant poisons you! The worker ant closely misses you.
You hit the worker ant but do no damage.
The worker ant is heavily wounded.
* * * LOW HITPOINT WARNING * * *
You feel sick. The worker ant closely misses you.
You hit the worker ant but do no damage.
The worker ant is heavily wounded.
You die...

#.....#
##.....##
........#
.......#
.......#
#.....#
#.B..#
#@# #.#
..# #.##
#. #. #.
..


You could see a worker ant.

Vanquished Creatures
  An adder (D:2)
  An ooze (D:1)
  2 dart slugs (D:1)
  A leopard gecko (D:1)
  5 bats (D:1)
  2 giant cockroaches (D:1)
  A goblin (D:1)
  6 hobgoblins
  4 jackals (D:2)
  3 kobolds (D:1)
  A quokka (D:2)
  A ball python (D:1)
  A frilled lizard (D:1)
  10 rats
39 creatures vanquished.

Notes
Turn   | Place    | Note
-------+----------+-------------------------------------------
     0 | D:1      | Gadfly the Ogre Monk began the quest for the Orb.
     0 | D:1      | Reached XP level 1. HP: 24/24 MP: 1/1
   132 | D:1      | Reached XP level 2. HP: 26/32 MP: 2/2
   503 | D:1      | Reached skill level 1 in Invocations
   519 | D:1      | Reached XP level 3. HP: 16/39 MP: 3/3
   737 | D:1      | Reached skill level 1 in Evocations
   757 | D:1      | Reached skill level 1 in Throwing
  1271 | D:2      | Reached skill level 1 in Armour
  1285 | D:2      | Reached XP level 4. HP: 13/48 MP: 5/5
  1604 | D:2      | Noticed Terence
  1632 | D:3      | HP: 2/48 [worker ant (7)]
  1634 | D:3      | Succumbed to a worker ant's poison

Illustrated notes

Levels and vault maps discovered:
D:1:      onia_arrival_handbag, layout_rooms, kennysheep_decorative_pillar
D:2:      layout_loops_cross, uniq_sigmund, uniq_terence, uniq_jessica
D:3:      layout_rooms, elyvilon_altar_3, gup_sewer_entry_bowl,
          uniq_crazy_yiuf_cottage, uniq_natasha

Skill      XL: |  1  2  3 |
---------------+----------+-----
Invocations    | 1 |  1.5
Evocations     | 1 |  1.2
Throwing       | 1 |  1.3
Armour         | 1 |  1.1
Fighting       | |  4.0
Maces & Flails | |  2.9
Dodging        | |  2.6
Stealth        | |  1.4

Action                   |  1- 3 |  4- 6 || total
-------------------------+-------+-------++-------
Melee: Mace              |   127 |    30 ||   157
Throw: Stone             |     4 |       ||     4
  Use: Potion            |     2 |       ||     2
       Scroll            |     3 |       ||     3
 Stab: Sleeping          |     1 |     1 ||     2
Armor: Robe              |    53 |     9 ||    62
Dodge: Dodged            |    95 |    26 ||   121
